Map: Apotheosis LE

Players

Pita - Winner!

  • Race: Protoss Protoss
  • League: Gold
  • Spawn Location: 11:00

Fropez

  • Race: Protoss Protoss
  • League: Gold
  • Spawn Location: 5:00

VOD

Have the link to the VOD?

Description

Time

  • Played on: Sept. 12, 2016, 6:30 p.m.
  • Length: 16:54
Show
View Real Time Build Order
Export as new Build Order

Pita Protoss - Winner!

Build Orders:  

Get SALT Encoding   

  12  0:01  Probe (Chrono Boost)  
  13  0:11  Probe (Chrono Boost)  
  14  0:19  Pylon  
  14  0:22  Probe (Chrono Boost)  
  15  0:37  Probe (Chrono Boost)  
  16  0:44  Gateway  
  16  0:48  Probe (Chrono Boost)  
  17  0:52  Assimilator  
  17  0:58  Probe (Chrono Boost)  
  17  1:03  Pylon  
  18  1:09  Probe (Chrono Boost)  
  19  1:19  Probe (Chrono Boost)  
  20  1:30  Probe (Chrono Boost)  
  21  1:35  Pylon  
  21  1:40  Cybernetics Core  
  21  1:44  Gateway  
  21  1:48  Assimilator  
  21  1:50  Zealot  
  21  1:53  Probe (Chrono Boost)  
  24  2:04  Probe (Chrono Boost)  
  25  2:09  Pylon  
  25  2:23  Forge  
  25  2:26  Gateway  
  25  2:58  Protoss Ground Weapons Level 1 (Chrono Boost)  
  25  3:10  Warp Gate  
  25  3:19  Stalker  
  27  3:22  Adept  
  29  3:33  Pylon  
  29  3:51  Gateway  
  29  4:08  Nexus  
  29  4:10  Pylon  
  29  4:11  Probe  
  29  4:13  Pylon  
  30  4:23  Probe  
  31  4:24  Gateway  
  31  4:35  Probe  
  32  4:41  Protoss Ground Armor Level 1 (Chrono Boost)  
  32  4:47  Probe  
  33  4:56  Robotics Facility  
  33  4:59  Probe  
  34  5:11  Probe  
  35  5:23  Probe  
  35  5:25  Sentry  
  35  5:26  Stalker  
  35  5:27  Stalker  
  42  5:31  Adept x2, Probe  
  47  5:35  Probe  
  47  5:42  Probe  
  48  5:44  Assimilator  
  48  5:48  Probe  
  50  5:51  Assimilator  
  50  5:52  Probe  
  51  5:59  Stalker  
  51  6:00  Probe  
  51  6:03  Adept x2, Probe  
  58  6:07  Adept  
  61  6:12  Probe  
  62  6:22  Stalker x2  
  60  6:40  Stalker x3  
  62  6:57  Zealot x2  
  62  7:00  Probe  
  61  7:01  Probe  
  61  7:07  Stalker x2  
  61  7:08  Stalker  
  52  7:22  Immortal  
  48  7:23  Probe  
  48  7:24  Probe  
  50  7:43  Gateway  
  50  7:46  Gateway  
  50  7:50  Twilight Council  
  50  7:55  Forge  
  50  8:04  Pylon  
  50  8:08  Pylon  
  50  8:09  Stalker  
  50  8:10  Stalker x2  
  50  8:12  Sentry  
  58  8:14  Adept  
  58  8:17  Mothership Core  
  62  8:23  Nexus  
  62  8:30  Resonating Glaives  
  62  8:41  Protoss Ground Armor Level 2 (Chrono Boost), Protoss Ground Weapons Level 2 (Chrono Boost)  
  62  8:49  Probe x2  
  64  9:01  Probe x2  
  66  9:12  Pylon  
  66  9:13  Pylon, Probe x2, Assimilator x2  
  68  9:19  Templar Archives  
  68  9:24  Stalker  
  68  9:25  Probe x2  
  68  9:31  Gateway  
  72  9:37  Probe x2  
  74  9:55  Immortal  
  78  10:02  High Templar  
  78  10:03  High Templar x2  
  78  10:04  High Templar  
  78  10:05  High Templar  
  88  10:07  High Templar  
  88  10:10  Archon x2  
  88  10:12  Archon  
  90  10:34  Zealot  
  90  10:35  Immortal  
  96  10:37  Zealot x2  
  96  10:38  Stalker x3  
  106  10:50  Robotics Facility  
  106  10:59  Robotics Bay  
  106  11:02  Pylon  
  106  11:06  Pylon  
  106  11:07  Zealot x3  
  106  11:08  Zealot x2  
  106  11:09  Stalker  
  106  11:10  Charge  
  106  11:11  Stalker  
  118  11:55  Protoss Ground Armor Level 3 (Chrono Boost)  
  118  11:57  Protoss Ground Weapons Level 3 (Chrono Boost)  
  118  11:59  Pylon  
  118  12:02  Pylon  
  118  12:05  Pylon  
  118  12:08  Pylon  
  118  12:11  Pylon  
  118  12:14  Pylon  
  118  12:18  Immortal  
  118  12:20  Pylon  
  118  12:22  Pylon  
  118  12:24  Pylon  
  118  12:27  Pylon  
  118  12:31  Zealot  
  118  12:32  Zealot x2  
  118  12:33  Stalker  
  118  12:34  Stalker x2  
  118  12:35  Zealot  
  118  13:13  Pylon  
  118  13:14  Nexus  
  118  13:17  Pylon  
  118  13:19  Pylon  
  118  13:20  Pylon  
  118  13:23  Pylon  
  118  13:24  Photon Cannon  
  118  13:25  Photon Cannon  
  118  13:26  Pylon  
  118  13:27  Photon Cannon  
  118  13:29  Pylon  
  118  13:30  Photon Cannon  
  118  13:32  Assimilator, Photon Cannon  
  118  13:34  Probe, Photon Cannon  
  118  13:35  Probe x2  
  118  13:36  Assimilator  
  118  13:40  Photon Cannon  
  121  13:42  Photon Cannon  
  121  13:44  Photon Cannon  
  121  13:46  Immortal  
  121  13:47  Probe, Immortal  
  130  13:49  Pylon  
  130  13:50  Extended Thermal Lance  
  130  13:53  High Templar x2  
  130  13:54  High Templar x2  
  138  13:55  High Templar  
  138  13:56  High Templar  
  138  13:57  High Templar  
  144  14:03  Archon x3  
  144  14:10  Probe  
  144  14:11  Probe x2  
  144  14:15  Blink, Psionic Storm  
  147  14:23  Gateway  
  147  14:24  Gateway  
  147  14:25  Gateway  
  147  14:31  Stalker  
  147  14:33  High Templar  
  147  14:34  High Templar  
  147  14:35  High Templar x2  
  157  14:39  Archon  
  157  14:40  Archon  
  157  14:44  Protoss Shields Level 1 (Chrono Boost)  
  157  14:56  Photon Cannon  
  157  14:58  Photon Cannon  
  157  15:01  Photon Cannon  
  157  15:04  Photon Cannon  
  157  15:08  Colossus  
  157  15:09  Photon Cannon  
  159  15:24  Stalker  
  159  15:25  Stalker  
  159  15:26  Stalker  
  159  15:27  Stalker x2  
  151  15:38  Stalker x4  
  151  15:40  Stalker  
  125  16:03  Stalker x2  
  125  16:04  Stalker x2  
  125  16:08  High Templar x2  
  125  16:10  Probe  
  125  16:11  Probe x3  
  135  16:20  Probe  
  135  16:21  Probe  
  135  16:23  Probe x2  
Show
View Real Time Build Order
Export as new Build Order

Fropez Protoss 

Build Orders: Nexus First 

Get SALT Encoding   

  12  0:01  Probe (Chrono Boost)  
  13  0:14  Probe (Chrono Boost)  
  14  0:25  Probe (Chrono Boost)  
  15  0:31  Pylon  
  15  0:58  Nexus  
  15  1:06  Gateway  
  15  1:08  Probe (Chrono Boost)  
  16  1:22  Probe (Chrono Boost)  
  16  1:23  Pylon  
  17  1:31  Assimilator  
  17  1:33  Probe (Chrono Boost)  
  18  1:50  Gateway  
  18  1:55  Cybernetics Core  
  18  1:57  Probe (Chrono Boost)  
  19  2:14  Pylon, Probe (Chrono Boost)  
  20  2:17  Probe (Chrono Boost)  
  21  2:33  Pylon, Probe (Chrono Boost)  
  22  2:43  Probe (Chrono Boost), Assimilator  
  25  2:44  Mothership Core (Chrono Boost)  
  25  2:49  Assimilator  
  25  2:53  Probe (Chrono Boost), Assimilator  
  25  2:56  Warp Gate (Chrono Boost)  
  26  3:03  Probe  
  27  3:07  Probe  
  28  3:32  Pylon  
  28  3:41  Probe x2  
  29  3:42  Twilight Council  
  29  3:45  Pylon  
  30  3:53  Probe  
  31  4:01  Probe  
  30  4:03  Nexus  
  30  4:07  Probe, Gateway  
  32  4:10  Assimilator  
  32  4:13  Assimilator  
  32  4:15  Gateway  
  32  4:21  Resonating Glaives, Gateway  
  32  4:30  Probe  
  32  4:31  Pylon  
  33  4:33  Probe  
  34  4:46  Robotics Facility  
  34  4:48  Adept  
  34  4:49  Adept  
  38  5:01  Probe  
  38  5:02  Probe  
  40  5:15  Probe x2  
  40  5:16  Pylon  
  42  5:25  Stalker x3  
  48  5:31  Pylon  
  48  5:33  Pylon  
  48  5:38  Immortal  
  52  5:52  Probe x2  
  54  5:58  Stalker  
  54  5:59  Stalker  
  56  6:22  Gateway, Robotics Facility  
  56  6:24  Stalker x2  
  56  6:25  Stalker  
  58  6:33  Stalker  
  58  6:50  Stalker x2  
  60  7:03  Zealot  
  60  7:06  Zealot  
  64  7:18  Probe  
  64  7:19  Probe  
  64  7:30  Mothership Core  
  64  7:32  Assimilator  
  64  7:33  Probe  
  64  7:35  Pylon  
  67  7:43  Observer  
  68  7:44  Templar Archives  
  68  7:58  Pylon  
  68  8:00  Gateway  
  68  8:04  Probe  
  69  8:10  Adept x5  
  69  8:11  Adept  
  81  8:20  Probe  
  81  8:21  Probe  
  81  8:24  Probe  
  84  8:44  Pylon  
  84  8:48  High Templar x2  
  84  8:49  High Templar x4  
  84  8:52  Pylon  
  84  8:55  Archon x3  
  96  8:58  Immortal  
  96  9:00  Probe  
  101  9:22  Stalker x3  
  101  9:23  Stalker x4  
  115  9:28  Blink (Chrono Boost)  
  115  9:47  Gateway  
  115  9:48  Gateway  
  115  10:00  Nexus  
  115  10:03  Pylon  
  115  10:05  Gateway  
  115  10:07  Gateway  
  115  10:09  Pylon  
  115  10:11  Stalker  
  115  10:12  Stalker x4  
  125  10:27  Probe  
  126  10:41  Pylon  
  126  10:42  Pylon  
  126  10:44  Assimilator  
  126  10:48  Assimilator  
  126  11:01  High Templar x3  
  126  11:02  High Templar x4  
  140  11:05  Archon  
  140  11:06  Archon x2  
  130  11:44  High Templar x4  
  130  11:46  Probe  
  122  11:48  Probe  
  122  11:49  Probe x2  
  116  12:01  Gateway  
  114  12:11  Immortal  
  114  12:13  Immortal  
  122  12:17  Archon  
  122  12:18  Archon  
  122  12:23  Zealot x5  
  122  12:24  Zealot x4  
  122  12:25  Zealot x2  
  122  12:29  Charge (Chrono Boost)  
  144  12:53  Observer  
  144  12:54  Observer  
  146  13:11  Zealot x4  
  146  13:12  Zealot x3  
  160  13:20  Nexus  
  160  13:22  Pylon  
  160  13:23  Pylon  
  160  13:30  Pylon  
  160  13:46  Gateway  
  160  13:47  Pylon  
  160  13:48  Assimilator  
  160  13:50  Assimilator  
  159  13:58  High Templar x2  
  159  13:59  High Templar x6  
  159  14:00  High Templar  
  177  14:03  Archon x3  
  177  14:04  Archon  
  177  14:35  Pylon  
  177  14:43  Adept x5  
  177  14:44  Adept x6  
  95  16:00  Forge  
  95  16:02  High Templar x5, Forge  
  95  16:03  High Templar x4, Forge  
  87  16:07  Archon x4  
  83  16:26  Zealot x3  
  83  16:27  Zealot  
  95  16:36  Zealot x3  
  95  16:37  Zealot x5  
  95  16:38  Zealot  
Tags
 
League
GoldGold
Matchup
PvP
Replay Pack
All Mines
Spawn Locations
Cross Positions
Add a new tag
Caveats
  • Supply blocks, unpowered buildings, or Contaminate may cause inaccurate times.
  • Supply counts are checked every 10 seconds.